 Dungeon Crawl Stone Soup version 0.28.0-53-g5a82cb258f (webtiles) character file.

Game seed: 10216420901436589345

267 Descartes the Vexing (level 6, 0/64 HPs)
             Began as a Barachi Arcane Marksman on July 27, 2022.
             Slain by an elf zombie (5 damage)
             ... in an ossuary.
             The game lasted 00:11:58 (2761 turns).

Descartes the Vexing (Barachi Arcane Marksman)      Turns: 2761, Time: 00:11:59

Health: 0/64       AC: 23    Str: 14      XL:     6   Next: 21%
Magic:  9/9        EV:  2    Int: 12 (13) God:
Gold:   71         SH:  0    Dex: 15 (18) Spells: 1/9 levels left

rFire   . . .      SeeInvis .   g - staff of air
rCold   . . .      Faith    .   (no shield)
rNeg    . . .      Spirit   .   (armour currently unavailable)
rPois   +          Reflect  .   (helmet currently unavailable)
rElec   +          Harm     .   (cloak currently unavailable)
rCorr   .          Rampage  .   (gloves currently unavailable)
Will    .....      NoTele   +   (boots currently unavailable)
Stlth   ++........              (no amulet)
HPRegen 0.20/turn               v - ring of Qeunuca Guyn {rPois Dex+6}
MPRegen 0.11/turn               (no ring)

@: tree-form
A: stationary, stasis, torment immunity, boosted hp, (amphibious), (slowness 1),
(strong legs 1), +LOS, (cold resistance 1), evolution 1, subdued magic 1
a: no special abilities


You were in an ossuary.
You were a tree.
You visited 1 branch of the dungeon, and saw 4 of its levels.
You also visited: Ossuary.

You collected 71 gold pieces.

Inventory:

Hand Weapons
 a - a +1 hand crossbow
 l - a +0 hunting sling
Missiles
 c - 6 bolts
 e - 3 atropa-tipped darts (quivered)
 p - 6 poisoned darts
 u - 18 arrows
Armour
 h - a +0 leather armour (melded)
 k - a +1 cloak (melded)
Magical Staves
 g - a staff of air (weapon)
Jewellery
 v - the ring of Qeunuca Guyn (left branch) {rPois Dex+6}
   (You found it on level 3 of the Dungeon)

   [ring of dexterity]

   Dex:       It affects your dexterity (+6).
   rPois:     It protects you from poison.
Scrolls
 j - a scroll of identify
Potions
 b - a potion of might
 d - a potion of degeneration
 n - a potion of brilliance
 s - a potion of attraction


   Skills:
 - Level 1.2 Fighting
 + Level 1.5 Long Blades
 + Level 1.2(1.6) Slings
 + Level 1.2 Bows
 + Level 3.0 Crossbows
 + Level 1.4(1.7) Throwing
 + Level 2.1 Armour
 - Level 2.1 Dodging
 + Level 1.1 Stealth
 + Level 2.2 Spellcasting
 + Level 4.1 Hexes
 + Level 1.1 Translocations
 + Level 1.2 Evocations


You had one spell level left.
You knew the following spells:

 Your Spells              Type           Power      Damage    Failure   Level
a - Slow                  Hex            32%        N/A       3%          1
b - Portal Projectile     Hex/Tloc       10%        N/A       24%         3
c - Cause Fear            Hex            4%         N/A       41%         4

Your spell library contained the following spells:

 Spells                   Type           Power      Damage    Failure   Level
 Sting                    Tmut/Pois      4%         1d3       22%         1
 Inner Flame              Hex/Fire       4%         N/A       30%         3
 Poisonous Vapours        Pois/Air       2%         N/A       34%         2
 Olgreb's Toxic Radiance  Pois           1%         N/A       94%         4


Dungeon Overview and Level Annotations

Branches:
Dungeon (4/15)            Ossuary (1/1)
 Temple: D:4-7

Altars:


Innate Abilities, Weirdness & Mutations

You are a tree.
Your roots penetrate the ground, keeping you stationary.
You cannot be teleported.
You are immune to unholy pain and torment.
Your maximum health is greatly increased.
Your equipment is partially melded.
((You are amphibious.))
((You cover ground slowly.))
((You can hop short distances.))
You have an extended range of vision and can be seen from far away.
((Your flesh is cold resistant. (rC+)))
You have hidden genetic potential.
Your spells are a little easier to cast, but a little less powerful.


Message History

The elf zombie is severely damaged.
The elf zombie hits you.
* * * LOW HITPOINT WARNING * * *
It was a potion of mutation.
You feel extremely strange.
You feel a hidden potential growing inside you.
Your connection to magic feels subdued.
You feel resistant to cold. The goblin zombie barely misses you.
The elf zombie hits you but does no damage.
It was a potion of flight.
You feel very buoyant.
You fly up into the air.
The goblin zombie misses you. The elf zombie hits you.
* * * LOW HITPOINT WARNING * * *
Really quaff the potion of lignification?
You turn into a tree.
Your +1 cloak melds into your body.
Your +0 leather armour melds into your body.
Your roots penetrate the ground.
The goblin zombie barely misses you.
The elf zombie hits you but does no damage.
You completely miss the elf zombie.
The elf zombie is severely damaged.
The goblin zombie hits you but does no damage.
The elf zombie hits you but does no damage.
You hit the elf zombie.
The elf zombie is severely damaged.
The goblin zombie hits you but does no damage.
The elf zombie barely misses you.
You closely miss the elf zombie.
The elf zombie is severely damaged.
The goblin zombie hits you but does no damage.
You hit the elf zombie.
The elf zombie is severely damaged.
The elf zombie hits you but does no damage.
The goblin zombie hits you but does no damage.
You hit the elf zombie but do no damage.
The elf zombie is severely damaged.
The elf zombie hits you but does no damage.
The goblin zombie hits you but does no damage.
You closely miss the elf zombie.
The elf zombie is severely damaged.
The elf zombie hits you.
You die...

#...# ##.... #(..#
#...# #.... #(..#
#...# #..... #Z..#
#...# #.∩.... #(..#
#...# ....+# #(..#
#...# #...# #...#
#(..#
#...##############...#
#..............♣Z....#
#.........∩∩....Z....#
######################


You could see a goblin zombie and an elf zombie.

Vanquished Creatures
  A scorpion (D:4)
  A centaur zombie (Ossuary)
  An iguana (D:3)
  6 adders
  4 worms
  A dart slug (D:2)
  2 orcs
  4 ball pythons
  7 endoplasms
  4 giant cockroaches
  7 goblins
  6 hobgoblins
  A quokka (D:3)
  2 bats (D:1)
  2 frilled lizards
  A goblin zombie (Ossuary)
  8 hobgoblin zombies (Ossuary)
  5 kobolds
  7 kobold zombies (Ossuary)
  8 orc zombies (Ossuary)
  4 rats
  A rat zombie (Ossuary)
83 creatures vanquished.

Notes
Turn   | Place    | Note
-------+----------+-------------------------------------------
     0 | D:1      | Descartes the Barachi Arcane Marksman began the quest for
                  | the Orb.
     0 | D:1      | Reached XP level 1. HP: 15/15 MP: 2/2
   217 | D:1      | Reached XP level 2. HP: 21/21 MP: 4/4
   297 | D:1      | Reached skill level 1 in Armour
   608 | D:2      | Reached XP level 3. HP: 26/26 MP: 5/5
   714 | D:2      | Found a faded altar of an unknown god.
  1377 | D:3      | Reached XP level 4. HP: 30/32 MP: 6/6
  1596 | D:3      | Learned a level 3 spell: Portal Projectile
  1817 | D:3      | Identified the ring of Qeunuca Guyn {rPois Dex+6}
  2084 | D:4      | Reached skill level 1 in Throwing
  2116 | D:4      | Reached XP level 5. HP: 34/37 MP: 7/7
  2131 | D:4      | Reached skill level 1 in Long Blades
  2214 | D:4      | Reached skill level 1 in Slings
  2214 | D:4      | Reached skill level 1 in Bows
  2214 | D:4      | Reached skill level 4 in Hexes
  2220 | D:4      | Learned a level 4 spell: Cause Fear
  2261 | D:4      | Reached skill level 1 in Evocations
  2321 | D:4      | Reached skill level 1 in Translocations
  2334 | D:4      | Reached skill level 1 in Stealth
  2395 | D:4      | Found a sand-covered staircase.
  2399 | Ossuary  | Entered an ossuary
  2527 | Ossuary  | Reached XP level 6. HP: 43/43 MP: 9/9
  2753 | Ossuary  | Gained mutation: You have hidden genetic potential. [potion
                  | of mutation]
  2753 | Ossuary  | Gained mutation: Your spells are a little easier to cast,
                  | but a little less powerful. [potion of mutation]
  2753 | Ossuary  | Gained mutation: Your flesh is cold resistant. (rC+)
                  | [potion of mutation]
  2754 | Ossuary  | HP: 2/43 [elf zombie (1)]
  2761 | Ossuary  | Slain by an elf zombie

Illustrated notes

Levels and vault maps discovered:
D:1:      dpeg_arrival_simpleton_c, layout_loops_ring
D:2:      layout_loops_cross, hellmonk_ecumenical_altar_run_dry
D:3:      layout_basic, minmay_misc_feat_x, minmay_misc_feat_room
D:4:      layout_basic, enter_ossuary_5
Ossuary:  ossuary_tomb_1

Skill      XL: |  1  2  3  4  5  6 |
---------------+-------------------+-----
Armour         | 1 2 |  2.1
Throwing       | 1 |  1.4
Long Blades    | 1 |  1.5
Spellcasting   | 2 |  2.2
Slings         | 1 |  1.2
Bows           | 1 |  1.2
Hexes          | 4 |  4.1
Evocations     | 1 |  1.2
Translocations | 1 |  1.1
Stealth        | 1 |  1.1
Crossbows      | 3 |  3.0
Fighting       | |  1.2
Dodging        | |  2.1

Action                   |  1- 3 |  4- 6 || total
-------------------------+-------+-------++-------
Melee: Staff             |       |    44 ||    44
 Fire: Hand crossbow     |    83 |    59 ||   142
       Hunting sling     |       |   101 ||   101
Throw: Dart              |       |     2 ||     2
       Stone             |       |     1 ||     1
 Cast: Slow              |       |     1 ||     1
  Use: Scroll            |       |     7 ||     7
       Potion            |       |     7 ||     7
Armor: Robe              |     3 |       ||     3
       Leather armour    |    11 |    54 ||    65
       Skin              |       |    15 ||    15
Dodge: Dodged            |    17 |    81 ||    98
